 Dungeon Crawl Stone Soup version 0.25-a0-803-g58bd18402a (webtiles) character file.

Game seed: 6414711389609173117, levelgen mode: deterministic

110 Maedhros the Charlatan (level 4, -8/28 HPs)
             Began as an Octopode Artificer on Apr 19, 2020.
             Was an Initiate of Cheibriados.
             Killed by divine providence
             ... invoked by an orc priest
              (11 damage)
             ... on level 5 of the Dungeon.
             The game lasted 00:03:44 (520 turns).

Maedhros the Charlatan (Octopode Artificer)          Turns: 520, Time: 00:03:48

Health: -8/28      AC:  1    Str:  8 (10) XL:     4   Next: 91%
Magic:  16/16      EV: 13    Int:  8 (10) God:    Cheibriados [......]
Gold:   51         SH:  0    Dex: 13 (14) Spells: 3/3 levels left

rFire    . . .     SeeInvis .   p - +1 dagger (elec)
rCold    . . .     Gourm    .   (no shield)
rNeg     . . .     Faith    .   (helmet restricted)
rPois    .         Spirit   .   (no amulet)
rElec    .         Reflect  .   i - -2 ring of intelligence (curse)
rCorr    .         Harm     .   o - ring of magical power
MR       .....                  (no ring)
Stlth    +++.......             (no ring)
HPRegen  0.09/turn              (no ring)
MPRegen  0.15/turn              (no ring)
                                (no ring)
                                (no ring)

@: very slow
A: almost no armour, stealthy swim, amphibious, 8 rings, constrict 8, camouflage
1, dopey 1, weak 1, gelatinous body 1, evolution 1
a: Bend Time, Renounce Religion


You were on level 5 of the Dungeon.
You worshipped Cheibriados.
Cheibriados was noncommittal.
You were not hungry.

You visited 1 branch of the dungeon, and saw 6 of its levels.

You collected 51 gold pieces.

Inventory:

Hand Weapons
 p - a +1 dagger of electrocution (weapon)
Jewellery
 i - a cursed -2 ring of intelligence (left tentacle)
 o - a ring of magical power (right tentacle)
Wands
 b - a wand of flame (6)
 c - a wand of enslavement (10)
 d - a wand of random effects (15)
 j - a wand of polymorph (9)
 k - a wand of acid (11)
Scrolls
 e - a scroll of fear {unknown}
 g - a scroll of identify {unknown}
 h - a scroll of teleportation {unknown}
 m - a scroll of blinking {unknown}
Potions
 l - a potion of degeneration
Comestibles
 f - 2 rations
 n - a chunk of flesh


   Skills:
 - Level 1.0 Fighting
 - Level 1.0 Short Blades
 - Level 2.0 Dodging
 + Level 3.4 Stealth
 * Level 2.9 Unarmed Combat
 + Level 4.1 Evocations


You had 3 spell levels left.
You didn't know any spells.
Your spell library was empty.

Dungeon Overview and Level Annotations

Branches:
Dungeon (6/15)
 Temple: D:4-7

Altars:
Cheibriados
Xom
Yredelemnul


Innate Abilities, Weirdness & Mutations

You cannot wear most types of armour.
You are very stealthy in the water. (Stealth+)
You are amphibious.
You can wear up to eight rings at the same time.
You can use your tentacles to constrict eight enemies at once.
Your skin changes colour to match your surroundings (Stealth+).
Your rubbery body absorbs attacks. (AC +1, EV +1)
You are dopey. (Int -2)
You are weak. (Str -2)
You evolve.


Message History

Aim: an orc priest, wielding a +0 dagger The puff of flame hits the orc priest!
The orc priest is heavily wounded.
Evoke which item? (* to show all) (? for menu, Esc to quit)
Aiming: Throw Flame
Press: ? - help, Shift-Dir - straight line, f/p - orc priest
Aim: an orc priest, wielding a +0 dagger (heavily wounded)
The puff of flame hits the orc priest!
The orc priest is almost dead.
The orc priest invokes the aid of Beogh against you.
Beogh smites you!
Ouch! That really hurt!
* * * LOW HITPOINT WARNING * * *
It was a potion of mutation.
You feel extremely strange.
You feel weaker.
You feel stupid.
You feel nature experimenting on you.
Don't worry, failures die fast.
The crimson imp blinks!
The orc priest mumbles some strange prayers to Beogh against you.
Beogh smites you!
You die...

####.## ##..#
.... #..# #.#
....# ##.##
.# .....
#..### .#
.....
##...##.# ...
#######..# .h
#...))##.#
.......#.#
.......@.#
.........#
..!..ยง?$...
.....>..###..
.....oo.. #..
......... .
........#
..5.....#


You could see an orc priest, a crimson imp and an orc.

Vanquished Creatures
  A hound (D:5)
  An orc wizard (D:5)
  A hound zombie (D:6)
  A hound skeleton (D:4)
  A worker ant zombie (D:6)
  A shadow imp (D:6)
  A leopard gecko (D:4)
  An orc (D:5)
  A hobgoblin (D:3)
  A quokka (D:3)
  A frilled lizard (D:3)
  A goblin (D:3)
  A kobold (D:3)
  A leopard gecko skeleton (D:5)
  A rat (D:1)
15 creatures vanquished.

Vanquished Creatures (collateral kills)
  A worker ant (D:5)
  An orc (D:5)
2 creatures vanquished.

Vanquished Creatures (others)
  An orc (D:5)
1 creature vanquished.

Grand Total: 18 creatures vanquished

Notes
Turn   | Place    | Note
-------+----------+-------------------------------------------
     0 | D:1      | Maedhros the Octopode Artificer began the quest for the
                  | Orb.
     0 | D:1      | Reached XP level 1. HP: 13/13 MP: 3/3
   216 | D:3      | You fall into a shaft and drop 3 floors!
   216 | D:6      | Noticed a bullfrog
   238 | D:6      | Reached skill level 1 in Unarmed Combat
   238 | D:6      | Reached XP level 2. HP: 11/18 MP: 4/4
   273 | D:6      | Reached XP level 3. HP: 6/23 MP: 5/5
   312 | D:6      | Noticed a centaur
   375 | D:5      | Entered Level 5 of the Dungeon
   375 | D:5      | Found a snail-covered altar of Cheibriados.
   386 | D:5      | Found a basalt altar of Yredelemnul.
   409 | D:5      | Reached XP level 4. HP: 11/28 MP: 6/6
   423 | D:5      | Became a worshipper of Cheibriados the Contemplative
   436 | D:4      | Reached skill level 4 in Evocations
   450 | D:4      | Found a shimmering altar of Xom.
   474 | D:4      | You fall into a shaft and drop 1 floor!
   520 | D:5      | Gained mutation: You are weak. (Str -2) [potion of
                  | mutation]
   520 | D:5      | Gained mutation: You are dopey. (Int -2) [potion of
                  | mutation]
   520 | D:5      | Gained mutation: You evolve. [potion of mutation]
   520 | D:5      | Killed from afar by an orc priest

Levels and vault maps discovered:
D:1:      roderic_dead_forest, layout_rooms
D:2:      layout_loops_cross, lemuel_coloured_pillars_altar,
          chequers_ecumenical_altar_simple_redux, first_ration,
          lemuel_tele_altar
D:3:      layout_loops_cross
D:4:      layout_basic, kennysheep_mini, uniq_grinder, uniq_ijyb
D:5:      layout_rooms, chequers_temple_overflow_statue_of_worship,
          temple_pool_b
D:6:      layout_rooms, minitemple, minivault_4

Skill      XL: |  1  2  3  4 |
---------------+-------------+-----
Stealth        | 2 3 |  3.4
Unarmed Combat | 1 2 |  2.9
Evocations     | 4 |  4.1
Fighting       | |  1.0
Short Blades   | |  1.0
Dodging        | |  2.0

Action                   |  1- 3 |  4- 6 || total
-------------------------+-------+-------++-------
Melee: Short sword       |    22 |     5 ||    27
       Tentacles         |     7 |     1 ||     8
       Constrict         |     7 |     3 ||    10
Evoke: Wand              |     8 |     6 ||    14
  Use: Potion            |       |     2 ||     2
 Stab: Sleeping          |       |     1 ||     1
Armor: Skin              |     2 |       ||     2
Dodge: Dodged            |    21 |     4 ||    25

Table legend:
 A = Non-vault XP
 B = Vault XP
 C = Vault XP percentage of total XP
 D = Non-vault monster count
 E = Vault monster count
 F = Vault count percentage of total count
                 A         B        C        D         E       F
            +---------+---------+-------+---------+---------+-------
      Total |     158 |       0 |   0.0 |      17 |       0 |   0.0
            +---------+---------+-------+---------+---------+-------
        D:1 |       1 |       0 |   0.0 |       1 |       0 |   0.0
        D:3 |       7 |       0 |   0.0 |       5 |       0 |   0.0
        D:4 |      21 |       0 |   0.0 |       2 |       0 |   0.0
        D:5 |      79 |       0 |   0.0 |       6 |       0 |   0.0
        D:6 |      50 |       0 |   0.0 |       3 |       0 |   0.0
            +---------+---------+-------+---------+---------+-------
